Tampa Bay Lightning vs Quebec Nordiques
Created - Friday, May 16, 2025 at 07:39
Goals
|
| Tampa Bay Lightning |
0 |
2 |
1 |
0 |
0 |
3 |
| Quebec Nordiques |
1 |
1 |
1 |
0 |
1 |
4 |
|
Shots
|
| Tampa Bay Lightning |
8 |
17 |
6 |
1 |
4 |
32 |
| Quebec Nordiques |
11 |
5 |
15 |
0 |
4 |
31 |
|
1st period
1. Quebec Nordiques , Rickard Rakell 25 (Anthony Mantha 26) at 13:06
Penalties :
Luke Kunin (QUE) for High sticking (Minor) at 2:40, Darnell Nurse (TBL) for High sticking (Minor) at 5:15, Rickard Rakell (QUE) for Cross-checking (Minor) at 18:33
2nd period
2. Tampa Bay Lightning , Jamie Benn 21 (Travis Konecny 38, Roope Hintz 33) at 0:30 (PP)
3. Quebec Nordiques , Luke Kunin 7 (Jordan Greenway 15) at 9:23
4. Tampa Bay Lightning , Filip Forsberg 23 (Travis Konecny 39, Roope Hintz 34) at 9:39
Penalties :
No Penalty
3rd period
5. Tampa Bay Lightning , Gustav Nyquist 12 (Anze Kopitar 31, Kirill Kaprizov 34) at 6:39
6. Quebec Nordiques , Rickard Rakell 26 (Matt Duchene 46) at 13:33
Penalties :
Matt Duchene (QUE) for Tripping (Minor) at 2:53, Hampus Lindholm (TBL) for High sticking (Minor) at 9:59, J.J. Moser (QUE) for Tripping (Minor) at 10:52
Overtime #1
No Goal
Penalties :
No Penalty
Shootout
Tampa Bay Lightning, Trevor Moore - Stopped by Lukas Dostal
Quebec Nordiques, Alex DeBrincat - Stopped by Darcy Kuemper
Tampa Bay Lightning, Filip Forsberg - Stopped by Lukas Dostal
Quebec Nordiques, Rickard Rakell - Stopped by Darcy Kuemper
Tampa Bay Lightning, Kirill Kaprizov - Stopped by Lukas Dostal
Quebec Nordiques, Matt Duchene - Stopped by Darcy Kuemper
Tampa Bay Lightning, Anze Kopitar - Shot Misses the Net
Quebec Nordiques, Anthony Mantha - Goal!
Penalties :
No Penalty
Goalie Stats
Darcy Kuemper (TBL), 28 saves from 31 shots - (0.903), OTL, 34-14-9, 65:00 minutes
Lukas Dostal (QUE), 29 saves from 32 shots - (0.906), W, 8-8-0, 65:00 minutes
Players Stats for Tampa Bay Lightning
Player Name G A P +/- PIM S H SB GA TA FO MP PP MP PK MP
------------------------------------------------------------------------------------
Anze Kopitar 0 1 1 0 0 3 4 0 1 0 15/25 21:41 3:20 1:30
Brent Burns 0 0 0 -1 0 1 1 1 0 0 0/0 24:03 2:54 1:08
Darnell Nurse 0 0 0 -1 2 0 2 0 0 0 0/0 20:04 3:24 0:03
Dylan Cozens 0 0 0 0 0 0 0 0 2 0 0/0 8:16 0:26 1:30
Filip Forsberg 1 0 1 1 0 4 2 0 1 0 0/0 18:09 2:02 0:00
Gustav Nyquist 1 0 1 0 0 2 0 1 1 0 0/0 14:44 0:48 0:00
Hampus Lindholm 0 0 0 1 2 1 1 3 0 0 0/0 18:32 0:33 0:00
Jamie Benn 1 0 1 -2 0 2 0 0 1 2 6/16 19:09 3:03 0:00
Jason Dickinson 0 0 0 0 0 0 0 0 0 0 2/2 7:27 0:12 1:18
Jonathan Huberdeau 0 0 0 -2 0 0 0 3 1 0 0/1 14:51 1:03 0:00
Jordan Martinook 0 0 0 0 0 0 0 0 0 0 0/0 6:04 0:07 0:00
Kirill Kaprizov 0 1 1 0 0 8 1 0 3 0 0/0 18:26 3:06 0:04
Michael Matheson 0 0 0 1 0 2 1 0 0 0 0/0 23:16 3:30 1:05
Moritz Seider 0 0 0 -1 0 1 2 2 0 0 0/0 24:16 2:35 1:44
Roope Hintz 0 2 2 1 0 2 2 0 1 0 7/12 20:38 2:47 0:00
Travis Konecny 0 2 2 1 0 5 2 0 0 0 1/1 20:26 2:20 0:25
Trevor Moore 0 0 0 -2 0 1 1 0 0 0 1/2 15:41 0:43 0:57
Tyler Myers 0 0 0 -1 0 0 1 2 0 1 0/0 20:17 1:07 1:44
Players Stats for Quebec Nordiques
Player Name G A P +/- PIM S H SB GA TA FO MP PP MP PK MP
------------------------------------------------------------------------------------
Alex DeBrincat 0 0 0 -2 0 3 2 1 0 1 0/1 17:34 1:17 0:42
Alexandre Carrier 0 0 0 0 0 0 1 2 0 1 0/0 18:23 0:56 2:57
Anthony Mantha 0 1 1 2 0 1 2 1 0 0 1/1 14:09 0:00 0:00
Brock Faber 0 0 0 1 0 1 2 3 0 1 0/0 28:43 1:56 2:58
Cole Perfetti 0 0 0 0 0 2 2 0 0 1 0/2 15:08 1:35 0:00
J.J. Moser 0 0 0 -1 2 0 3 1 0 2 0/0 26:50 1:55 2:34
Jonas Siegenthaler 0 0 0 0 0 1 2 1 0 0 0/0 15:23 0:00 0:31
Jonatan Berggren 0 0 0 0 0 0 1 0 0 0 0/1 13:05 0:00 0:00
Jordan Greenway 0 1 1 1 0 2 1 0 0 1 1/2 13:02 0:00 3:29
Luke Kunin 1 0 1 1 2 4 0 0 1 0 0/0 11:28 0:00 2:08
Marco Rossi 0 0 0 0 0 3 0 0 0 0 3/8 13:25 0:00 0:00
Mark Giordano 0 0 0 2 0 2 2 0 0 1 0/0 20:48 0:56 0:52
Matt Duchene 0 1 1 2 2 4 0 0 0 1 11/19 18:24 1:17 0:38
Michael Anderson 0 0 0 0 0 1 1 0 0 1 0/0 20:19 0:00 3:44
Michael McCarron 0 0 0 1 0 1 3 0 1 1 5/6 13:16 0:00 3:28
Nikolaj Ehlers 0 0 0 -2 0 0 0 0 0 0 0/1 14:25 1:35 0:00
Rickard Rakell 2 0 2 2 2 5 3 0 1 0 0/1 17:45 1:17 0:00
Shane Pinto 0 0 0 -2 0 1 1 1 0 0 6/17 19:55 1:35 3:11
3 Stars
1 - Rickard Rakell (QUE)
2 - Filip Forsberg (TBL)
3 - Roope Hintz (TBL)
Power Play
Tampa Bay Lightning - 1 on 4 Attempt(s) - 25.00%
Quebec Nordiques - 0 on 2 Attempt(s) - 0.00%
Penalty Kill
Tampa Bay Lightning - 2 on 2 Attempt(s) - 100.00%
- Score 0 goal in Penalty Kill
Quebec Nordiques - 3 on 4 Attempt(s) - 75.00%
- Score 0 goal in Penalty Kill
Team Stat
Tampa Bay Lightning - Hits : 20 - Faceoff Wins : 32 - Blocked Shots : 12 - Penalty Minutes : 4
Quebec Nordiques - Hits : 26 - Faceoff Wins : 27 - Blocked Shots : 10 - Penalty Minutes : 8
Official
Referees : Francis Charron and Ghislain Hebert
Linesman : Brad Kovachik and Justin Johnson
Game Notes
No Game Note
Finance
Level 1 -- Attendance: 5052 (84.20%) -- Ticket Income $505,200
Level 2 -- Attendance: 4009 (80.18%) -- Ticket Income $240,540
Level 3 -- Attendance: 2425 (80.83%) -- Ticket Income $84,875
Level 4 -- Attendance: 3600 (72.00%) -- Ticket Income $90,000
Luxury Box -- Attendance: 830 (83.00%) -- Ticket Income $166,000
Game was played at the Centre Videotron.
Total Attendance: 15916 (79.58%)
Total Ticket Income: $1,086,615
Other Income: $380,315
Total Income: $1,466,930
Tampa Bay Lightning
5 vs 5 Forward
Center Left Wing Right Wing Time % Phy DF OF
1 Anze Kopitar Kirill Kaprizov Gustav Nyquist 34 0 2 3
2 Roope Hintz Travis Konecny Filip Forsberg 33 0 3 2
3 Jamie Benn Trevor Moore Jonathan Huberdeau 28 0 2 3
4 Jason Dickinson Dylan Cozens Jordan Martinook 5 0 2 3
5 vs 5 Defense
Defense Defense Time % Phy DF OF
1 Moritz Seider Brent Burns 36 1 3 1
2 Michael Matheson Hampus Lindholm 34 1 3 1
3 Darnell Nurse Tyler Myers 30 1 3 1
4 Moritz Seider Michael Matheson 0 1 2 2
PowerPlay Forward
Center Left Wing Right Wing Time % Phy DF OF
1 Anze Kopitar Kirill Kaprizov Filip Forsberg 50 1 2 2
2 Roope Hintz Jamie Benn Travis Konecny 50 1 2 2
PowerPlay Defense
Defense Defense Time % Phy DF OF
1 Michael Matheson Moritz Seider 50 1 2 2
2 Brent Burns Darnell Nurse 50 1 2 2
Penalty Kill 4 Players Forward
Center Wing Time % Phy DF OF
1 Jason Dickinson Trevor Moore 50 1 2 2
2 Anze Kopitar Dylan Cozens 50 1 2 2
Penalty Kill 4 Players Defense
Defense Defense Time % Phy DF OF
1 Moritz Seider Tyler Myers 50 1 2 2
2 Michael Matheson Darnell Nurse 50 1 2 2
Penalty Kill - 3 Players Forward
Forward Time % Phy DF OF
1 Anze Kopitar 50 1 2 2
2 Jason Dickinson 50 1 2 2
Penalty Kill - 3 Players Defense
Defense Defense Time % Phy DF OF
1 Michael Matheson Darnell Nurse 50 1 2 2
2 Moritz Seider Tyler Myers 50 1 2 2
4 vs 4 Forward
Center Wing Time % Phy DF OF
1 Jamie Benn Travis Konecny 50 1 2 2
2 Anze Kopitar Roope Hintz 50 1 2 2
4 vs 4 Defense
Defense Defense Time % Phy DF OF
1 Michael Matheson Moritz Seider 50 1 2 2
2 Brent Burns Tyler Myers 50 1 2 2
Last Minutes Offensive
Center Left Wing Right Wing Defense Defense
Anze Kopitar Kirill Kaprizov Filip Forsberg Michael Matheson Moritz Seider
Last Minutes Defensive
Center Left Wing Right Wing Defense Defense
Anze Kopitar Jason Dickinson Travis Konecny Moritz Seider Hampus Lindholm
Goaltenders
Starting : Darcy Kuemper
Backup : Jeremy Swayman
Extra Forwards
Normal : Travis Konecny, Filip Forsberg, Jamie Benn - PP : Jonathan Huberdeau, Trevor Moore - PK : Travis Konecny
Extra Defensemen
Normal : Darnell Nurse, Michael Matheson, Moritz Seider - PP : Moritz Seider - PK : Brent Burns, Darnell Nurse
Penalty Shots
Trevor Moore, Filip Forsberg, Kirill Kaprizov, Anze Kopitar, Jonathan Huberdeau
Scratches
None
Quebec Nordiques
5 vs 5 Forward
Center Left Wing Right Wing Time % Phy DF OF
1 Matt Duchene Anthony Mantha Rickard Rakell 30 1 2 2
2 Shane Pinto Alex DeBrincat Nikolaj Ehlers 30 1 2 2
3 Marco Rossi Jonatan Berggren Cole Perfetti 25 1 2 2
4 Michael McCarron Luke Kunin Jordan Greenway 15 1 2 2
5 vs 5 Defense
Defense Defense Time % Phy DF OF
1 Brock Faber Mark Giordano 30 1 2 2
2 J.J. Moser Michael Anderson 30 1 2 2
3 Jonas Siegenthaler Alexandre Carrier 25 1 2 2
4 Brock Faber J.J. Moser 15 1 2 2
PowerPlay Forward
Center Left Wing Right Wing Time % Phy DF OF
1 Matt Duchene Alex DeBrincat Rickard Rakell 50 1 2 2
2 Shane Pinto Cole Perfetti Nikolaj Ehlers 50 1 2 2
PowerPlay Defense
Defense Defense Time % Phy DF OF
1 Brock Faber J.J. Moser 50 1 2 2
2 Alexandre Carrier Mark Giordano 50 1 2 2
Penalty Kill 4 Players Forward
Center Wing Time % Phy DF OF
1 Michael McCarron Jordan Greenway 50 1 2 2
2 Shane Pinto Luke Kunin 50 1 2 2
Penalty Kill 4 Players Defense
Defense Defense Time % Phy DF OF
1 Brock Faber Alexandre Carrier 50 1 2 2
2 J.J. Moser Michael Anderson 50 1 2 2
Penalty Kill - 3 Players Forward
Forward Time % Phy DF OF
1 Michael McCarron 50 1 2 2
2 Shane Pinto 50 1 2 2
Penalty Kill - 3 Players Defense
Defense Defense Time % Phy DF OF
1 Brock Faber Alexandre Carrier 50 1 2 2
2 J.J. Moser Michael Anderson 50 1 2 2
4 vs 4 Forward
Center Wing Time % Phy DF OF
1 Matt Duchene Rickard Rakell 50 1 2 2
2 Shane Pinto Alex DeBrincat 50 1 2 2
4 vs 4 Defense
Defense Defense Time % Phy DF OF
1 Brock Faber J.J. Moser 50 1 2 2
2 Michael Anderson Mark Giordano 50 1 2 2
Last Minutes Offensive
Center Left Wing Right Wing Defense Defense
Matt Duchene Anthony Mantha Rickard Rakell Brock Faber J.J. Moser
Last Minutes Defensive
Center Left Wing Right Wing Defense Defense
Shane Pinto Jordan Greenway Michael McCarron Brock Faber J.J. Moser
Goaltenders
Starting : Lukas Dostal
Backup : Joseph Woll
Extra Forwards
Normal : Marco Rossi, Cole Perfetti, Jonatan Berggren - PP : Marco Rossi, Anthony Mantha - PK : Matt Duchene
Extra Defensemen
Normal : Brock Faber, J.J. Moser, Mark Giordano - PP : Michael Anderson - PK : Mark Giordano, Jonas Siegenthaler
Penalty Shots
Alex DeBrincat, Rickard Rakell, Matt Duchene, Anthony Mantha, Nikolaj Ehlers
Scratches
Jakub Voracek (Healthy), Rem Pitlick (Healthy), Connor Brown (Healthy), Justin Holl (Healthy)
% Time on Ice - Tampa Bay Lightning
Lines # - Real PCT - Wanted PCT - Time Play
Normal Forward
1 - 29% - 34% - 14:17
2 - 31% - 33% - 15:16
3 - 28% - 28% - 13:44
4 - 12% - 5% - 5:57
Normal Defense
1 - 36% - 36% - 17:46
2 - 34% - 34% - 16:49
3 - 30% - 30% - 14:39
4 - 0% - 0% - 0:00
PP Forward
1 - 49% - 50% - 3:18
2 - 51% - 50% - 3:30
PP Defense
1 - 57% - 50% - 3:54
2 - 43% - 50% - 2:54
PK Forward
1 - 45% - 50% - 1:18
2 - 55% - 50% - 1:34
PK Defense
1 - 60% - 50% - 1:44
2 - 40% - 50% - 1:08
PK3 Forward
1 - 0% - 50%
2 - 0% - 50%
PK3 Defense
1 - 0% - 50%
2 - 0% - 50%
44 Forward
1 - 48% - 50% - 2:55
2 - 52% - 50% - 3:11
44 Defense
1 - 61% - 50% - 3:43
2 - 39% - 50% - 2:23
Last Minute Offensive - 0:00
Last Minute Defensive - 0:00
Total
Forward - 65:00
Defense - 65:00
|
% Time on Ice - Quebec Nordiques
Lines # - Real PCT - Wanted PCT - Time Play
Normal Forward
1 - 31% - 30% - 15:02
2 - 26% - 30% - 12:51
3 - 25% - 25% - 12:24
4 - 18% - 15% - 8:57
Normal Defense
1 - 30% - 30% - 14:52
2 - 29% - 30% - 14:11
3 - 29% - 25% - 14:10
4 - 12% - 15% - 6:01
PP Forward
1 - 45% - 50% - 1:17
2 - 55% - 50% - 1:35
PP Defense
1 - 67% - 50% - 1:56
2 - 33% - 50% - 0:56
PK Forward
1 - 50% - 50% - 3:25
2 - 50% - 50% - 3:23
PK Defense
1 - 55% - 50% - 3:43
2 - 45% - 50% - 3:05
PK3 Forward
1 - 0% - 50%
2 - 0% - 50%
PK3 Defense
1 - 0% - 50%
2 - 0% - 50%
44 Forward
1 - 52% - 50% - 3:10
2 - 48% - 50% - 2:56
44 Defense
1 - 58% - 50% - 3:31
2 - 42% - 50% - 2:35
Last Minute Offensive - 0:00
Last Minute Defensive - 0:00
Total
Forward - 65:00
Defense - 65:00
|
Play-by-Play
1st period
0:01 of 1st period - Matt Duchene wins face-off versus Anze Kopitar in neutral zone.
0:10 of 1st period - Snap shot by Rickard Rakell.
0:10 of 1st period - Stopped by Darcy Kuemper with a rebound.
0:28 of 1st period - Travis Konecny is hit by Mark Giordano and loses puck.
1:31 of 1st period - Alexandre Carrier is hit by Anze Kopitar and loses puck.
2:30 of 1st period - Darnell Nurse is hit by Jordan Greenway and loses puck.
2:40 of 1st period - Minor Penalty to Luke Kunin for High sticking.
2:41 of 1st period - Michael McCarron wins face-off versus Anze Kopitar in Quebec Nordiques zone.
2:45 of 1st period - Snap shot by Michael McCarron.
2:45 of 1st period - Shot Misses the Net.
2:57 of 1st period - Slapshot by Kirill Kaprizov.
2:57 of 1st period - Shot Misses the Net.
4:40 of 1st period - Penalty to Luke Kunin is over, Luke Kunin is back on ice.
4:52 of 1st period - Hampus Lindholm is hit by Michael McCarron and loses puck.
5:01 of 1st period - Snap shot by Alex DeBrincat.
5:01 of 1st period - Stopped by Darcy Kuemper with a rebound.
5:03 of 1st period - Slapshot by Luke Kunin.
5:03 of 1st period - Stopped by Darcy Kuemper without a rebound.
5:04 of 1st period - Jamie Benn wins face-off versus Marco Rossi in Tampa Bay Lightning zone.
5:15 of 1st period - Minor Penalty to Darnell Nurse for High sticking.
5:16 of 1st period - Jason Dickinson wins face-off versus Shane Pinto in Tampa Bay Lightning zone.
6:16 of 1st period - Cole Perfetti is hit by Anze Kopitar.
7:15 of 1st period - Penalty to Darnell Nurse is over, Darnell Nurse is back on ice.
7:27 of 1st period - Snap shot by Travis Konecny.
7:27 of 1st period - Stopped by Lukas Dostal without a rebound.
7:28 of 1st period - Michael McCarron wins face-off versus Roope Hintz in Quebec Nordiques zone.
7:49 of 1st period - Slapshot by Roope Hintz.
7:49 of 1st period - Stopped by Lukas Dostal with a rebound.
7:51 of 1st period - Slapshot by Darnell Nurse.
7:51 of 1st period - Deflect By Filip Forsberg.
7:51 of 1st period - Shot Misses the Net.
7:51 of 1st period - Puck is out of play.
7:52 of 1st period - Marco Rossi wins face-off versus Anze Kopitar in Quebec Nordiques zone.
7:59 of 1st period - Wrist shot by Kirill Kaprizov.
7:59 of 1st period - Shot Misses the Net.
8:01 of 1st period - Slapshot by Moritz Seider.
8:01 of 1st period - Deflect By Kirill Kaprizov.
8:01 of 1st period - Stopped by Lukas Dostal with a rebound.
8:03 of 1st period - Snap shot by Gustav Nyquist.
8:03 of 1st period - Deflect By Kirill Kaprizov.
8:03 of 1st period - Stopped by Lukas Dostal without a rebound.
8:04 of 1st period - Anze Kopitar wins face-off versus Shane Pinto in Quebec Nordiques zone.
8:07 of 1st period - Wrist shot by Anze Kopitar.
8:07 of 1st period - Stopped by Lukas Dostal with a rebound.
8:29 of 1st period - Slapshot by Marco Rossi.
8:29 of 1st period - Stopped by Darcy Kuemper without a rebound.
8:30 of 1st period - Jamie Benn wins face-off versus Cole Perfetti in Tampa Bay Lightning zone.
8:55 of 1st period - J.J. Moser is hit by Roope Hintz and loses puck.
9:02 of 1st period - Snap shot by Michael Anderson.
9:02 of 1st period - Stopped by Darcy Kuemper without a rebound.
9:03 of 1st period - Matt Duchene wins face-off versus Anze Kopitar in Tampa Bay Lightning zone.
9:54 of 1st period - Wrist shot by Marco Rossi.
9:54 of 1st period - Shot Misses the Net.
9:56 of 1st period - Slapshot by Alexandre Carrier.
9:56 of 1st period - Shot Misses the Net.
9:58 of 1st period - Snap shot by Jonatan Berggren.
9:58 of 1st period - Shot Misses the Net.
10:02 of 1st period - Snap shot by Marco Rossi.
10:02 of 1st period - Deflect By Cole Perfetti.
10:02 of 1st period - Stopped by Darcy Kuemper with a rebound.
10:04 of 1st period - Snap shot by Cole Perfetti.
10:04 of 1st period - Shot Misses the Net.
10:16 of 1st period - Snap shot by Michael McCarron.
10:16 of 1st period - Stopped by Darcy Kuemper with a rebound.
10:18 of 1st period - Wrist shot by Jordan Greenway.
10:18 of 1st period - Shot Misses the Net.
10:20 of 1st period - Snap shot by Luke Kunin.
10:20 of 1st period - Shot Misses the Net.
10:22 of 1st period - Slapshot by Brock Faber.
10:22 of 1st period - Shot Misses the Net.
10:24 of 1st period - Wrist shot by Michael McCarron.
10:24 of 1st period - Deflect By Jordan Greenway.
10:24 of 1st period - Stopped by Darcy Kuemper with a rebound.
12:49 of 1st period - Slapshot by Trevor Moore.
12:49 of 1st period - Stopped by Lukas Dostal without a rebound.
12:50 of 1st period - Anze Kopitar wins face-off versus Matt Duchene in Quebec Nordiques zone.
12:51 of 1st period - Snap shot by Kirill Kaprizov.
12:51 of 1st period - Shot Blocked by Anthony Mantha.
13:06 of 1st period - Slapshot by Rickard Rakell.
13:06 of 1st period - Goal by Rickard Rakell - Tampa Bay Lightning : 0 - Quebec Nordiques : 1.
13:07 of 1st period - Anze Kopitar wins face-off versus Shane Pinto in neutral zone.
13:33 of 1st period - Travis Konecny is hit by J.J. Moser and loses puck.
14:41 of 1st period - Jordan Greenway is hit by Darnell Nurse and loses puck.
15:45 of 1st period - Snap shot by Anze Kopitar.
15:45 of 1st period - Stopped by Lukas Dostal without a rebound.
15:46 of 1st period - Shane Pinto wins face-off versus Anze Kopitar in Quebec Nordiques zone.
16:09 of 1st period - Wrist shot by Alex DeBrincat.
16:09 of 1st period - Shot Hit the Post.
16:33 of 1st period - Anze Kopitar is hit by Shane Pinto and loses puck.
17:01 of 1st period - Wrist shot by Alex DeBrincat.
17:01 of 1st period - Stopped by Darcy Kuemper without a rebound.
17:02 of 1st period - Matt Duchene wins face-off versus Roope Hintz in Tampa Bay Lightning zone.
17:15 of 1st period - Snap shot by Filip Forsberg.
17:15 of 1st period - Stopped by Lukas Dostal without a rebound.
17:16 of 1st period - Matt Duchene wins face-off versus Roope Hintz in Quebec Nordiques zone.
17:35 of 1st period - Filip Forsberg is hit by Anthony Mantha and loses puck.
18:33 of 1st period - Minor Penalty to Rickard Rakell for Cross-checking.
18:34 of 1st period - Roope Hintz wins face-off versus Jordan Greenway in Quebec Nordiques zone.
18:55 of 1st period - Snap shot by Luke Kunin.
18:55 of 1st period - Stopped by Darcy Kuemper with a rebound.
19:18 of 1st period - Snap shot by Travis Konecny.
19:18 of 1st period - Shot Blocked by Brock Faber.
19:20 of 1st period - Snap shot by Brent Burns.
19:20 of 1st period - Shot Blocked by Alexandre Carrier.
Goals for this period are 0 for Tampa Bay Lightning vs 1 for Quebec Nordiques.
Shots for this period are 8 for Tampa Bay Lightning vs 11 for Quebec Nordiques.
2nd period
0:01 of 2nd period - Michael McCarron wins face-off versus Roope Hintz in neutral zone.
0:30 of 2nd period - Snap shot by Jamie Benn.
0:30 of 2nd period - Goal by Jamie Benn - Tampa Bay Lightning : 1 - Quebec Nordiques : 1.
0:31 of 2nd period - Roope Hintz wins face-off versus Matt Duchene in neutral zone.
0:44 of 2nd period - Wrist shot by Travis Konecny.
0:44 of 2nd period - Stopped by Lukas Dostal with a rebound.
0:46 of 2nd period - Wrist shot by Michael Matheson.
0:46 of 2nd period - Stopped by Lukas Dostal without a rebound.
0:47 of 2nd period - Jamie Benn wins face-off versus Shane Pinto in Quebec Nordiques zone.
1:20 of 2nd period - Wrist shot by Matt Duchene.
1:20 of 2nd period - Shot Misses the Net.
1:22 of 2nd period - Snap shot by Rickard Rakell.
1:22 of 2nd period - Shot Blocked by Tyler Myers.
1:34 of 2nd period - Wrist shot by Kirill Kaprizov.
1:34 of 2nd period - Stopped by Lukas Dostal without a rebound.
1:35 of 2nd period - Anze Kopitar wins face-off versus Marco Rossi in Quebec Nordiques zone.
1:38 of 2nd period - Snap shot by Kirill Kaprizov.
1:38 of 2nd period - Stopped by Lukas Dostal with a rebound.
1:40 of 2nd period - Wrist shot by Brent Burns.
1:40 of 2nd period - Shot Blocked by J.J. Moser.
3:06 of 2nd period - Wrist shot by Marco Rossi.
3:06 of 2nd period - Deflect By Cole Perfetti.
3:06 of 2nd period - Shot Misses the Net.
3:06 of 2nd period - Puck is out of play.
3:07 of 2nd period - Anze Kopitar wins face-off versus Marco Rossi in Tampa Bay Lightning zone.
3:18 of 2nd period - Wrist shot by Marco Rossi.
3:18 of 2nd period - Shot Hit the Post.
4:00 of 2nd period - Wrist shot by Travis Konecny.
4:00 of 2nd period - Shot Blocked by Jonas Siegenthaler.
4:02 of 2nd period - Wrist shot by Moritz Seider.
4:02 of 2nd period - Shot Misses the Net.
4:04 of 2nd period - Wrist shot by Travis Konecny.
4:04 of 2nd period - Deflect By Filip Forsberg.
4:04 of 2nd period - Shot Blocked by Alexandre Carrier.
4:04 of 2nd period - Puck is out of play.
4:05 of 2nd period - Matt Duchene wins face-off versus Jamie Benn in Quebec Nordiques zone.
4:20 of 2nd period - Snap shot by Darnell Nurse.
4:20 of 2nd period - Deflect By Jamie Benn.
4:20 of 2nd period - Stopped by Lukas Dostal with a rebound.
4:39 of 2nd period - Mark Giordano is hit by Filip Forsberg and loses puck.
4:58 of 2nd period - Wrist shot by Anze Kopitar.
4:58 of 2nd period - Stopped by Lukas Dostal without a rebound.
4:59 of 2nd period - Jamie Benn wins face-off versus Matt Duchene in Quebec Nordiques zone.
5:10 of 2nd period - Wrist shot by Rickard Rakell.
5:10 of 2nd period - Shot Blocked by Hampus Lindholm.
5:12 of 2nd period - Snap shot by Rickard Rakell.
5:12 of 2nd period - Stopped by Darcy Kuemper with a rebound.
5:14 of 2nd period - Slapshot by J.J. Moser.
5:14 of 2nd period - Shot Misses the Net.
5:24 of 2nd period - Hampus Lindholm is hit by Cole Perfetti and loses puck.
5:36 of 2nd period - Off-side.
5:37 of 2nd period - Roope Hintz wins face-off versus Nikolaj Ehlers in neutral zone.
5:42 of 2nd period - Snap shot by Travis Konecny.
5:42 of 2nd period - Stopped by Lukas Dostal without a rebound.
5:43 of 2nd period - Shane Pinto wins face-off versus Roope Hintz in Quebec Nordiques zone.
5:43 of 2nd period - Shane Pinto is hit by Travis Konecny.
6:53 of 2nd period - Slapshot by Travis Konecny.
6:53 of 2nd period - Shot Misses the Net.
6:55 of 2nd period - Slapshot by Hampus Lindholm.
6:55 of 2nd period - Stopped by Lukas Dostal without a rebound.
6:56 of 2nd period - Matt Duchene wins face-off versus Jonathan Huberdeau in Quebec Nordiques zone.
7:04 of 2nd period - Tyler Myers is hit by Rickard Rakell and loses puck.
7:09 of 2nd period - Wrist shot by Matt Duchene.
7:09 of 2nd period - Stopped by Darcy Kuemper without a rebound.
7:10 of 2nd period - Anze Kopitar wins face-off versus Jonatan Berggren in Tampa Bay Lightning zone.
8:16 of 2nd period - Darnell Nurse is hit by Brock Faber and loses puck.
8:35 of 2nd period - Snap shot by Kirill Kaprizov.
8:35 of 2nd period - Stopped by Lukas Dostal with a rebound.
8:57 of 2nd period - Jonatan Berggren is hit by Travis Konecny.
9:21 of 2nd period - Snap shot by Marco Rossi.
9:21 of 2nd period - Stopped by Darcy Kuemper without a rebound.
9:22 of 2nd period - Jordan Greenway wins face-off versus Trevor Moore in Tampa Bay Lightning zone.
9:23 of 2nd period - Snap shot by Luke Kunin.
9:23 of 2nd period - Goal by Luke Kunin - Tampa Bay Lightning : 1 - Quebec Nordiques : 2.
9:24 of 2nd period - Anze Kopitar wins face-off versus Matt Duchene in neutral zone.
9:27 of 2nd period - Wrist shot by Anze Kopitar.
9:27 of 2nd period - Shot Misses the Net.
9:29 of 2nd period - Slapshot by Brent Burns.
9:29 of 2nd period - Stopped by Lukas Dostal with a rebound.
9:33 of 2nd period - Slapshot by Kirill Kaprizov.
9:33 of 2nd period - Stopped by Lukas Dostal with a rebound.
9:35 of 2nd period - Snap shot by Kirill Kaprizov.
9:35 of 2nd period - Stopped by Lukas Dostal without a rebound.
9:36 of 2nd period - Roope Hintz wins face-off versus Shane Pinto in Quebec Nordiques zone.
9:37 of 2nd period - Wrist shot by Travis Konecny.
9:37 of 2nd period - Shot Misses the Net.
9:39 of 2nd period - Snap shot by Filip Forsberg.
9:39 of 2nd period - Goal by Filip Forsberg - Tampa Bay Lightning : 2 - Quebec Nordiques : 2.
9:40 of 2nd period - Jamie Benn wins face-off versus Shane Pinto in neutral zone.
9:49 of 2nd period - Slapshot by Michael Matheson.
9:49 of 2nd period - Deflect By Alex DeBrincat.
9:49 of 2nd period - Stopped by Lukas Dostal with a rebound.
9:51 of 2nd period - Slapshot by Michael Matheson.
9:51 of 2nd period - Shot Blocked by Shane Pinto.
9:53 of 2nd period - Slapshot by Hampus Lindholm.
9:53 of 2nd period - Shot Misses the Net.
9:55 of 2nd period - Snap shot by Jonathan Huberdeau.
9:55 of 2nd period - Shot Blocked by Alex DeBrincat.
10:46 of 2nd period - Jonas Siegenthaler is hit by Moritz Seider and loses puck.
10:50 of 2nd period - Icing by Jonas Siegenthaler.
10:51 of 2nd period - Michael McCarron wins face-off versus Jamie Benn in Quebec Nordiques zone.
10:51 of 2nd period - Michael McCarron is hit by Darnell Nurse.
11:07 of 2nd period - Snap shot by Jordan Greenway.
11:07 of 2nd period - Shot Misses the Net.
11:09 of 2nd period - Slapshot by Jonas Siegenthaler.
11:09 of 2nd period - Shot Misses the Net.
11:11 of 2nd period - Wrist shot by Luke Kunin.
11:11 of 2nd period - Stopped by Darcy Kuemper without a rebound.
11:12 of 2nd period - Roope Hintz wins face-off versus Shane Pinto in Tampa Bay Lightning zone.
11:17 of 2nd period - Slapshot by Michael Matheson.
11:17 of 2nd period - Shot Blocked by Brock Faber.
11:19 of 2nd period - Slapshot by Roope Hintz.
11:19 of 2nd period - Shot Misses the Net.
11:41 of 2nd period - Wrist shot by Jamie Benn.
11:41 of 2nd period - Deflect By Trevor Moore.
11:41 of 2nd period - Shot Misses the Net.
11:41 of 2nd period - Puck is out of play.
11:42 of 2nd period - Anthony Mantha wins face-off versus Jamie Benn in Quebec Nordiques zone.
13:08 of 2nd period - Off-side.
13:09 of 2nd period - Trevor Moore wins face-off versus Shane Pinto in neutral zone.
14:07 of 2nd period - Michael Matheson is hit by Alexandre Carrier and loses puck.
15:47 of 2nd period - Tyler Myers is hit by Michael McCarron and loses puck.
16:06 of 2nd period - Shane Pinto is hit by Kirill Kaprizov and loses puck.
16:28 of 2nd period - Travis Konecny is hit by Alex DeBrincat and loses puck.
16:35 of 2nd period - Nikolaj Ehlers is hit by Filip Forsberg and loses puck.
17:18 of 2nd period - Snap shot by Jamie Benn.
17:18 of 2nd period - Shot Misses the Net.
17:59 of 2nd period - Slapshot by Jordan Greenway.
17:59 of 2nd period - Shot Misses the Net.
18:21 of 2nd period - Off-side.
18:22 of 2nd period - Shane Pinto wins face-off versus Anze Kopitar in neutral zone.
18:59 of 2nd period - Wrist shot by Roope Hintz.
18:59 of 2nd period - Shot Blocked by Brock Faber.
19:01 of 2nd period - Slapshot by Travis Konecny.
19:01 of 2nd period - Stopped by Lukas Dostal without a rebound.
19:02 of 2nd period - Marco Rossi wins face-off versus Jamie Benn in Quebec Nordiques zone.
19:28 of 2nd period - Michael Matheson is hit by Rickard Rakell and loses puck.
19:35 of 2nd period - Snap shot by Anthony Mantha.
19:35 of 2nd period - Shot Blocked by Hampus Lindholm.
19:51 of 2nd period - Wrist shot by Filip Forsberg.
19:51 of 2nd period - Stopped by Lukas Dostal with a rebound.
19:57 of 2nd period - Filip Forsberg is hit by Jonas Siegenthaler and loses puck.
Goals for this period are 2 for Tampa Bay Lightning vs 1 for Quebec Nordiques.
Shots for this period are 17 for Tampa Bay Lightning vs 5 for Quebec Nordiques.
3rd period
0:01 of 3rd period - Roope Hintz wins face-off versus Marco Rossi in neutral zone.
0:08 of 3rd period - Snap shot by Travis Konecny.
0:08 of 3rd period - Stopped by Lukas Dostal without a rebound.
0:09 of 3rd period - Travis Konecny wins face-off versus Marco Rossi in Quebec Nordiques zone.
0:39 of 3rd period - Wrist shot by Cole Perfetti.
0:39 of 3rd period - Shot Blocked by Moritz Seider.
1:25 of 3rd period - Roope Hintz is hit by Cole Perfetti.
2:25 of 3rd period - Slapshot by Roope Hintz.
2:25 of 3rd period - Stopped by Lukas Dostal with a rebound.
2:27 of 3rd period - Snap shot by Filip Forsberg.
2:27 of 3rd period - Stopped by Lukas Dostal with a rebound.
2:29 of 3rd period - Slapshot by Moritz Seider.
2:29 of 3rd period - Stopped by Lukas Dostal without a rebound.
2:30 of 3rd period - Anze Kopitar wins face-off versus Matt Duchene in Quebec Nordiques zone.
2:31 of 3rd period - Wrist shot by Gustav Nyquist.
2:31 of 3rd period - Stopped by Lukas Dostal with a rebound.
2:37 of 3rd period - Wrist shot by Anthony Mantha.
2:37 of 3rd period - Stopped by Darcy Kuemper with a rebound.
2:53 of 3rd period - Minor Penalty to Matt Duchene for Tripping.
2:54 of 3rd period - Michael McCarron wins face-off versus Anze Kopitar in Quebec Nordiques zone.
2:54 of 3rd period - Michael McCarron is hit by Anze Kopitar.
3:26 of 3rd period - Alexandre Carrier is hit by Trevor Moore and loses puck.
4:53 of 3rd period - Penalty to Matt Duchene is over, Matt Duchene is back on ice.
5:13 of 3rd period - Icing by Anthony Mantha.
5:14 of 3rd period - Jason Dickinson wins face-off versus Alex DeBrincat in Quebec Nordiques zone.
5:24 of 3rd period - Off-side.
5:25 of 3rd period - Matt Duchene wins face-off versus Jamie Benn in neutral zone.
5:30 of 3rd period - Snap shot by Rickard Rakell.
5:30 of 3rd period - Shot Misses the Net.
5:32 of 3rd period - Slapshot by Rickard Rakell.
5:32 of 3rd period - Deflect By Anthony Mantha.
5:32 of 3rd period - Shot Blocked by Jonathan Huberdeau.
5:32 of 3rd period - Puck is out of play.
5:33 of 3rd period - Jamie Benn wins face-off versus Matt Duchene in Tampa Bay Lightning zone.
5:47 of 3rd period - Off-side.
5:48 of 3rd period - Shane Pinto wins face-off versus Anze Kopitar in neutral zone.
6:02 of 3rd period - Off-side.
6:03 of 3rd period - Matt Duchene wins face-off versus Jamie Benn in neutral zone.
6:10 of 3rd period - Snap shot by Matt Duchene.
6:10 of 3rd period - Stopped by Darcy Kuemper with a rebound.
6:12 of 3rd period - Snap shot by Rickard Rakell.
6:12 of 3rd period - Shot Misses the Net.
6:14 of 3rd period - Slapshot by Brock Faber.
6:14 of 3rd period - Shot Blocked by Jonathan Huberdeau.
6:39 of 3rd period - Wrist shot by Gustav Nyquist.
6:39 of 3rd period - Goal by Gustav Nyquist - Tampa Bay Lightning : 3 - Quebec Nordiques : 2.
6:40 of 3rd period - Shane Pinto wins face-off versus Anze Kopitar in neutral zone.
6:51 of 3rd period - Slapshot by Alex DeBrincat.
6:51 of 3rd period - Stopped by Darcy Kuemper without a rebound.
6:52 of 3rd period - Anze Kopitar wins face-off versus Shane Pinto in Tampa Bay Lightning zone.
8:02 of 3rd period - Snap shot by Cole Perfetti.
8:02 of 3rd period - Stopped by Darcy Kuemper with a rebound.
8:04 of 3rd period - Slapshot by Brock Faber.
8:04 of 3rd period - Stopped by Darcy Kuemper with a rebound.
8:06 of 3rd period - Slapshot by Mark Giordano.
8:06 of 3rd period - Stopped by Darcy Kuemper without a rebound.
8:07 of 3rd period - Anze Kopitar wins face-off versus Michael McCarron in Tampa Bay Lightning zone.
8:18 of 3rd period - Kirill Kaprizov is hit by J.J. Moser and loses puck.
8:37 of 3rd period - Snap shot by Luke Kunin.
8:37 of 3rd period - Shot Misses the Net.
8:39 of 3rd period - Slapshot by Jordan Greenway.
8:39 of 3rd period - Shot Blocked by Jonathan Huberdeau.
8:41 of 3rd period - Backhand shot by Jordan Greenway.
8:41 of 3rd period - Stopped by Darcy Kuemper with a rebound.
9:09 of 3rd period - Snap shot by Jordan Greenway.
9:09 of 3rd period - Shot Misses the Net.
9:11 of 3rd period - Slapshot by Jonas Siegenthaler.
9:11 of 3rd period - Deflect By Michael Matheson.
9:11 of 3rd period - Stopped by Darcy Kuemper with a rebound.
9:19 of 3rd period - Michael Matheson is hit by Michael McCarron and loses puck.
9:32 of 3rd period - Wrist shot by Jamie Benn.
9:32 of 3rd period - Shot Hit the Post.
9:48 of 3rd period - Snap shot by Jordan Greenway.
9:48 of 3rd period - Shot Blocked by Hampus Lindholm.
9:59 of 3rd period - Minor Penalty to Hampus Lindholm for High sticking.
10:00 of 3rd period - Anze Kopitar wins face-off versus Matt Duchene in Tampa Bay Lightning zone.
10:12 of 3rd period - Snap shot by Anze Kopitar.
10:12 of 3rd period - Shot Misses the Net.
10:52 of 3rd period - Minor Penalty to J.J. Moser for Tripping.
10:53 of 3rd period - Anze Kopitar wins face-off versus Matt Duchene in Quebec Nordiques zone.
11:00 of 3rd period - Snap shot by Matt Duchene.
11:00 of 3rd period - Shot Misses the Net.
11:02 of 3rd period - Wrist shot by Rickard Rakell.
11:02 of 3rd period - Shot Blocked by Tyler Myers.
11:04 of 3rd period - Slapshot by Rickard Rakell.
11:04 of 3rd period - Stopped by Darcy Kuemper without a rebound.
11:05 of 3rd period - Anze Kopitar wins face-off versus Shane Pinto in Tampa Bay Lightning zone.
11:09 of 3rd period - Icing by Roope Hintz.
11:10 of 3rd period - Anze Kopitar wins face-off versus Shane Pinto in Tampa Bay Lightning zone.
11:27 of 3rd period - Wrist shot by Shane Pinto.
11:27 of 3rd period - Stopped by Darcy Kuemper without a rebound.
11:28 of 3rd period - Matt Duchene wins face-off versus Jamie Benn in Tampa Bay Lightning zone.
11:33 of 3rd period - Slapshot by Rickard Rakell.
11:33 of 3rd period - Shot Misses the Net.
11:35 of 3rd period - Slapshot by Matt Duchene.
11:35 of 3rd period - Shot Misses the Net.
11:37 of 3rd period - Wrist shot by Mark Giordano.
11:37 of 3rd period - Stopped by Darcy Kuemper with a rebound.
11:39 of 3rd period - Snap shot by Matt Duchene.
11:39 of 3rd period - Stopped by Darcy Kuemper with a rebound.
11:41 of 3rd period - Backhand shot by Matt Duchene.
11:41 of 3rd period - Stopped by Darcy Kuemper with a rebound.
11:43 of 3rd period - Slapshot by Brock Faber.
11:43 of 3rd period - Shot Misses the Net.
11:55 of 3rd period - Brock Faber is hit by Brent Burns.
11:59 of 3rd period - Penalty to Hampus Lindholm is over, Hampus Lindholm is back on ice.
12:17 of 3rd period - Slapshot by Anze Kopitar.
12:17 of 3rd period - Shot Misses the Net.
12:35 of 3rd period - Moritz Seider is hit by Brock Faber.
12:51 of 3rd period - Michael McCarron is hit by Moritz Seider and loses puck.
12:52 of 3rd period - Penalty to J.J. Moser is over, J.J. Moser is back on ice.
13:23 of 3rd period - Off-side.
13:24 of 3rd period - Matt Duchene wins face-off versus Jamie Benn in neutral zone.
13:33 of 3rd period - Snap shot by Rickard Rakell.
13:33 of 3rd period - Goal by Rickard Rakell - Tampa Bay Lightning : 3 - Quebec Nordiques : 3.
13:34 of 3rd period - Shane Pinto wins face-off versus Anze Kopitar in neutral zone.
13:45 of 3rd period - Wrist shot by Shane Pinto.
13:45 of 3rd period - Shot Blocked by Gustav Nyquist.
13:47 of 3rd period - Slapshot by Alex DeBrincat.
13:47 of 3rd period - Shot Misses the Net.
14:08 of 3rd period - Brock Faber is hit by Roope Hintz and loses puck.
14:15 of 3rd period - Travis Konecny is hit by Anthony Mantha.
15:51 of 3rd period - Brent Burns is hit by Alex DeBrincat and loses puck.
17:16 of 3rd period - Tyler Myers is hit by Jonatan Berggren.
17:43 of 3rd period - Jamie Benn is hit by Jonas Siegenthaler and loses puck.
18:05 of 3rd period - Snap shot by Jordan Greenway.
18:05 of 3rd period - Shot Misses the Net.
18:45 of 3rd period - Snap shot by Marco Rossi.
18:45 of 3rd period - Shot Misses the Net.
18:47 of 3rd period - Wrist shot by Marco Rossi.
18:47 of 3rd period - Stopped by Darcy Kuemper with a rebound.
18:49 of 3rd period - Slapshot by J.J. Moser.
18:49 of 3rd period - Deflect By Jonatan Berggren.
18:49 of 3rd period - Shot Blocked by Brent Burns.
18:49 of 3rd period - Puck is out of play.
18:50 of 3rd period - Marco Rossi wins face-off versus Jamie Benn in Tampa Bay Lightning zone.
19:16 of 3rd period - Icing by Jonathan Huberdeau.
19:17 of 3rd period - Roope Hintz wins face-off versus Rickard Rakell in Tampa Bay Lightning zone.
19:59 of 3rd period - Wrist shot by Jonathan Huberdeau.
19:59 of 3rd period - Shot Misses the Net.
Goals for this period are 1 for Tampa Bay Lightning vs 1 for Quebec Nordiques.
Shots for this period are 6 for Tampa Bay Lightning vs 15 for Quebec Nordiques.
Overtime #1
0:01 of 1st overtime period - Matt Duchene wins face-off versus Jamie Benn in neutral zone.
0:26 of 1st overtime period - Mark Giordano is hit by Anze Kopitar and loses puck.
0:35 of 1st overtime period - Wrist shot by Shane Pinto.
0:35 of 1st overtime period - Shot Hit the Post.
0:37 of 1st overtime period - Slapshot by Brock Faber.
0:37 of 1st overtime period - Shot Blocked by Moritz Seider.
0:47 of 1st overtime period - Brock Faber is hit by Michael Matheson and loses puck.
1:16 of 1st overtime period - Travis Konecny is hit by Michael Anderson and loses puck.
1:53 of 1st overtime period - Slapshot by Filip Forsberg.
1:53 of 1st overtime period - Deflect By Kirill Kaprizov.
1:53 of 1st overtime period - Stopped by Lukas Dostal with a rebound.
2:19 of 1st overtime period - Moritz Seider is hit by Mark Giordano and loses puck.
2:47 of 1st overtime period - Rickard Rakell is hit by Tyler Myers and loses puck.
3:48 of 1st overtime period - Alexandre Carrier is hit by Hampus Lindholm and loses puck.
4:26 of 1st overtime period - Icing by Kirill Kaprizov.
4:27 of 1st overtime period - Anze Kopitar wins face-off versus Cole Perfetti in Tampa Bay Lightning zone.
4:32 of 1st overtime period - Darnell Nurse is hit by J.J. Moser and loses puck.
4:37 of 1st overtime period - Wrist shot by Cole Perfetti.
4:37 of 1st overtime period - Shot Misses the Net.
4:39 of 1st overtime period - Wrist shot by Mark Giordano.
4:39 of 1st overtime period - Shot Misses the Net.
4:57 of 1st overtime period - Brent Burns is hit by Rickard Rakell and loses puck.
Goals for this period are 0 for Tampa Bay Lightning vs 0 for Quebec Nordiques.
Shots for this period are 1 for Tampa Bay Lightning vs 0 for Quebec Nordiques.
ShootOut
5:00 of 1st overtime period - Round #1.
5:00 of 1st overtime period - Tampa Bay Lightning, Trevor Moore.
5:00 of 1st overtime period - Snap shot by Trevor Moore.
5:00 of 1st overtime period - Stopped by Lukas Dostal.
5:00 of 1st overtime period - Quebec Nordiques, Alex DeBrincat.
5:00 of 1st overtime period - Snap shot by Alex DeBrincat.
5:00 of 1st overtime period - Stopped by Darcy Kuemper.
5:00 of 1st overtime period - Round #2.
5:00 of 1st overtime period - Tampa Bay Lightning, Filip Forsberg.
5:00 of 1st overtime period - Wrist shot by Filip Forsberg.
5:00 of 1st overtime period - Stopped by Lukas Dostal.
5:00 of 1st overtime period - Quebec Nordiques, Rickard Rakell.
5:00 of 1st overtime period - Backhand shot by Rickard Rakell.
5:00 of 1st overtime period - Stopped by Darcy Kuemper.
5:00 of 1st overtime period - Round #3.
5:00 of 1st overtime period - Tampa Bay Lightning, Kirill Kaprizov.
5:00 of 1st overtime period - Snap shot by Kirill Kaprizov.
5:00 of 1st overtime period - Stopped by Lukas Dostal.
5:00 of 1st overtime period - Quebec Nordiques, Matt Duchene.
5:00 of 1st overtime period - Deke by Matt Duchene.
5:00 of 1st overtime period - Stopped by Darcy Kuemper.
5:00 of 1st overtime period - Round #4.
5:00 of 1st overtime period - Tampa Bay Lightning, Anze Kopitar.
5:00 of 1st overtime period - Snap shot by Anze Kopitar.
5:00 of 1st overtime period - Shot Misses the Net.
5:00 of 1st overtime period - Quebec Nordiques, Anthony Mantha.
5:00 of 1st overtime period - Wrist shot by Anthony Mantha.
5:00 of 1st overtime period - Goal by Anthony Mantha.
Back to the Top